 Dungeon Crawl Stone Soup version 0.19.4-9-g45fd643 (webtiles) character file.

210 vatarom the Slasher (level 6, -5/47 HPs)
             Began as a Formicid Fighter on Feb 21, 2017.
             Slain by a gnoll
             ... wielding a +0 whip of electrocution
              (18 damage)
             ... on level 4 of the Dungeon.
             The game lasted 00:07:15 (2429 turns).

vatarom the Slasher (Formicid Fighter)              Turns: 2429, Time: 00:07:16

Health: -5/47      AC:  8    Str: 21    XL:     6   Next: 12%
Magic:  6/6        EV:  9    Int:  9    God:
Gold:   207        SH:  9    Dex: 12    Spells: 0 memorised, 5 levels left

rFire  . . .     SeeInvis +     a - +1 long sword
rCold  . . .     Gourm    .     b - +0 scale mail
rNeg   . . .     Faith    .     c - +0 shield
rPois  .         Spirit   .     (helmet unavailable)
rElec  .         Reflect  .     m - +0 cloak
rCorr  .         Harm     .     (no gloves)
MR     .....                    (no boots)
Stlth  ..........               (no amulet)
                                (no ring)
                                (no ring)

@: no status effects
A: permanent stasis, dig shafts and tunnels, four strong arms, antennae 3, agile
1
a: Dig, Shaft Self


You were on level 4 of the Dungeon.
You were hungry.

You visited 1 branch of the dungeon, and saw 4 of its levels.

You collected 207 gold pieces.

Inventory:

Hand Weapons
 a - a +1 long sword (weapon)
 k - a +0 blowgun
Missiles
 e - 2 curare-tipped needles
Armour
 b - a +0 scale mail (worn)
 c - a +0 shield (worn)
 m - a +0 cloak (worn)
Scrolls
 g - 3 scrolls of remove curse
 i - 5 scrolls of identify
 n - 2 scrolls of enchant weapon
Potions
 d - 2 potions of might
Comestibles
 f - 4 bread rations
 h - a slice of pizza
 j - a beef jerky
 l - 2 meat rations


   Skills:
 - Level 3.2 Fighting
 + Level 4.0 Long Blades
 - Level 3.2 Armour
 - Level 3.7 Dodging
 - Level 3.6 Shields


You had 5 spell levels left.
You didn't know any spells.

Dungeon Overview and Level Annotations

Branches:
Dungeon (4/15)
 Temple: D:4-7

Altars:
Cheibriados


Innate Abilities, Weirdness & Mutations

You are under a permanent stasis effect.
You can dig through walls and to a lower floor.
Your four strong arms can wield two-handed weapons with a shield.
You have a pair of large antennae on your head. (SInv)
You are agile. (Dex +2)


Message History

The gnoll hits you with a whip of electrocution!
The gnoll barely misses you. The gnoll hits you but does no damage.
You block the gnoll's attack.
You barely miss the gnoll. You block the gnoll's attack.
The gnoll hits you with a spear of flaming.
* * * LOW HITPOINT WARNING * * *
The gnoll burns you.
* * * LOW HITPOINT WARNING * * *
The gnoll hits you with a whip of electrocution.
* * * LOW HITPOINT WARNING * * *
The gnoll barely misses you. You block the gnoll's attack. x2
You hit the gnoll but do no damage. The gnoll hits you but does no damage.
You hit the gnoll but do no damage. You block the gnoll's attack. x2
The gnoll barely misses you.
You barely miss the gnoll. The gnoll barely misses you.
You block the gnoll's attack. The gnoll barely misses you.
You slash the gnoll!
The gnoll is severely wounded.
The gnoll hits you but does no damage. x2; You are electrocuted!
You die...

#.....<..).#
#..........#
#..........#
#.......(..#
##....(.....#
#..............
###.###########...
# #...# ... [.####
#@#...# ..
......##g#...#
.......#g#...#
........g#.....
........#....###
....>........#
......%.##...#
........# ####
.........


You could see 3 gnolls.

Vanquished Creatures
  An orc priest (D:3)
  5 gnolls
  5 adders
  An ooze (D:1)
  3 worms
  3 dart slugs
  2 leopard geckos (D:1)
  2 orcs (D:3)
  13 bats
  2 giant cockroaches (D:1)
  8 goblins
  12 hobgoblins
  2 jackals (D:1)
  2 frilled lizards
  5 kobolds
  5 rats
71 creatures vanquished.

Notes
Turn   | Place    | Note
-------+----------+-------------------------------------------
     0 | D:1      | vatarom the Formicid Fighter began the quest for the Orb.
     0 | D:1      | Reached XP level 1. HP: 18/18 MP: 1/1
    34 | D:1      | Reached skill level 1 in Dodging
   101 | D:1      | Reached XP level 2. HP: 24/24 MP: 2/2
   344 | D:1      | Reached XP level 3. HP: 29/29 MP: 3/3
   774 | D:2      | Reached XP level 4. HP: 29/35 MP: 4/4
   784 | D:2      | Found a snail-covered altar of Cheibriados.
  1499 | D:2      | Reached XP level 5. HP: 34/41 MP: 5/5
  1634 | D:3      | Reached skill level 3 in Long Blades
  1767 | D:3      | Gained mutation: You are agile. (Dex +2) [potion of beneficial mutation]
  1856 | D:3      | Reached XP level 6. HP: 26/47 MP: 6/6
  2417 | D:4      | Reached skill level 4 in Long Blades
  2429 | D:4      | Slain by a gnoll

Skill      XL: |  1  2  3  4  5  6 |
---------------+-------------------+-----
Dodging        | 1 2 3 |  3.7
Long Blades    | 3 4 |  4.0
Fighting       | |  3.2
Armour         | |  3.2
Shields        | |  3.6

Action                   |  1- 3 |  4- 6 || total
-------------------------+-------+-------++-------
Melee: Long sword        |   101 |   171 ||   272
 Abil: Dig               |     1 |     3 ||     4
  Use: Scroll            |     2 |     6 ||     8
       Potion            |       |     5 ||     5
  Eat: Chunk             |       |     5 ||     5
Armor: Scale mail        |    48 |    68 ||   116
Dodge: Dodged            |    42 |    74 ||   116
Block: Shield            |    36 |   118 ||   154
       Rpst.: Long sword |    10 |    22 ||    32
